[Event "5th Ordu Open 2019"]
[Site "Ordu"]
[Date "2019.04.30"]
[Round "3.5"]
[White "Akhvlediani, Irakli"]
[Black "Sibashvili, Giorgi"]
[Result "1/2-1/2"]
[ECO "E05"]
[WhiteElo "2261"]
[BlackElo "2398"]
[Annotator "NA"]
[PlyCount "54"]
[EventDate "2019.04.29"]
[EventType "swiss"]
[EventCountry "TUR"]
[SourceTitle "playchess.com"]
[Source "ChessBase"]
[SourceQuality "1"]
[TimeControl "5400+30"]

1. d4 Nf6 2. c4 e6 3. Nf3 d5 4. g3 Be7 5. Bg2 O-O 6. O-O dxc4 7. Qc2 a6 8. a4 Bd7 9. Qxc4 Bc6 10. Bf4 Bd6 11. Bg5 Nbd7 12. Nc3 h6 13. Bxf6 $11 Nxf6 14. Rfe1 Ne4 15. Qd3 Nxc3 16. bxc3 b5 17. Ng5 Qxg5 18. Bxc6 Rab8 19. axb5 axb5 20. Ra5 e5 21. e3 Rb6 22. Bg2 exd4 23. exd4 Rfb8 24. Rb1 Qe7 25. Raxb5 Rxb5 26. Rxb5 Rxb5 27. Qxb5 Qe1+ 1/2-1/2

[Event "5th Ordu Open 2019"]
[Site "Ordu"]
[Date "2019.04.30"]
[Round "3.6"]
[White "Mgeladze, Tamaz"]
[Black "Olcum, Ahmet"]
[Result "1-0"]
[ECO "A26"]
[WhiteElo "2396"]
[BlackElo "2281"]
[Annotator "NA"]
[PlyCount "123"]
[EventDate "2019.04.29"]
[EventType "swiss"]
[EventCountry "TUR"]
[SourceTitle "playchess.com"]
[Source "ChessBase"]
[SourceQuality "1"]
[TimeControl "5400+30"]

1. Nf3 g6 2. g3 Bg7 3. c4 d6 4. Bg2 e5 5. Nc3 Nc6 6. O-O f5 7. d3 Nf6 8. Rb1 O-O 9. b4 h6 10. b5 Ne7 11. a4 g5 12. Ba3 Ng6 13. Nd2 Rb8 14. c5 Be6 15. cxd6 cxd6 16. Nc4 d5 $16 17. Bxf8 Bxf8 18. b6 a6 19. Na5 d4 20. Bxb7 Ne7 21. Qc2 dxc3 22. Qxc3 Bd5 23. Qxe5 Bxb7 24. Nxb7 Rxb7 25. Qxf6 Qd7 26. Qa1 Qe6 27. Qb2 Nd5 28. a5 f4 29. Qa2 Kf7 30. Rfc1 fxg3 31. hxg3 Bg7 32. Qc4 Be5 33. e4 Ne7 34. d4 Qxc4 35. Rxc4 Bb8 36. Kg2 h5 37. Kf3 Kg6 38. Rh1 Rd7 39. Ke3 Rd6 40. e5 Rd5 41. Ra1 Kf5 42. f3 h4 43. g4+ Ke6 44. f4 gxf4+ 45. Kxf4 h3 46. Ke4 Rb5 47. Rc3 h2 48. Rh3 Rb2 49. Rh6+ Kd7 50. Rh1 Re2+ 51. Kd3 Rg2 52. R1xh2 Rg3+ 53. Kc4 Rxg4 54. R2h4 Rg1 55. Rh8 Rc1+ 56. Kd3 Nc6 57. R4h7+ Ke6 58. Re8+ Kf5 59. Rf7+ Kg5 60. Rg8+ Kh6 61. Rf6+ Kh7 62. Rxc6 1-0

[Event "5th Ordu Open 2019"]
[Site "Ordu"]
[Date "2019.04.30"]
[Round "3.7"]
[White "Yuksel, Atilla Koksal"]
[Black "Odeev, Handszar"]
[Result "0-1"]
[ECO "B23"]
[WhiteElo "2248"]
[BlackElo "2394"]
[Annotator "NA"]
[PlyCount "90"]
[EventDate "2019.04.29"]
[EventType "swiss"]
[EventCountry "TUR"]
[SourceTitle "playchess.com"]
[Source "ChessBase"]
[SourceQuality "1"]
[TimeControl "5400+30"]

1. e4 c5 2. Nc3 Nc6 3. f4 e6 4. Bc4 Na5 5. d3 Ne7 6. Nf3 a6 7. a4 Nxc4 8. dxc4 Nc6 9. Be3 d6 10. O-O Be7 11. Qe2 O-O 12. Rad1 Qc7 13. f5 Bf6 14. e5 $11 dxe5 15. Ne4 exf5 16. Nxf6+ gxf6 17. Bh6 Rd8 18. Qf2 f4 19. g3 Rxd1 20. Rxd1 Bf5 21. gxf4 Kh8 22. Kh1 Rg8 23. Rg1 Rg6 24. Qxc5 Qe7 25. Qxe7 Nxe7 26. Rxg6 Nxg6 27. Ne1 Be4+ 28. Kg1 exf4 29. c5 f5 30. Bg5 Kg7 31. Bd8 Ne5 32. h3 f6 33. b4 Bc6 34. Nd3 Bxa4 35. Nxf4 Bxc2 36. Nd5 Nd7 37. Nb6 Ne5 38. Nd5 Kf7 39. Bc7 Nc6 40. Ne3 Be4 41. Nc4 Nxb4 42. Ba5 Nd3 43. Bb6 Ke6 44. Kf1 Kd5 45. Ne3+ Kc6 0-1

[Event "5th Ordu Open 2019"]
[Site "Ordu"]
[Date "2019.04.30"]
[Round "3.10"]
[White "Mazur, Stefan"]
[Black "Zahedifar, Anahita"]
[Result "1-0"]
[ECO "B19"]
[WhiteElo "2435"]
[BlackElo "2185"]
[Annotator "NA"]
[PlyCount "45"]
[EventDate "2019.04.29"]
[EventType "swiss"]
[EventCountry "TUR"]
[SourceTitle "playchess.com"]
[Source "ChessBase"]
[SourceQuality "1"]
[TimeControl "5400+30"]

1. e4 c6 2. d4 d5 3. Nd2 dxe4 4. Nxe4 Bf5 5. Ng3 Bg6 6. h4 h6 7. Nf3 e6 8. Ne5 Bh7 9. Bd3 Bxd3 10. Qxd3 Nd7 11. f4 Be7 12. Bd2 Ngf6 13. O-O-O c5 14. d5 Nxd5 15. Nh5 Bf6 16. c4 N5b6 ({Not} 16... Bxe5 $2 17. fxe5 Nxe5 18. Qe4 $18) 17. Qg3 Bxe5 $2 (17... Qe7 $16) 18. fxe5 Qc7 $18 (18... Qe7) 19. Nxg7+ Kd8 20. Rhf1 Kc8 21. Bc3 Rf8 22. Rxf7 Rxf7 23. Nxe6 1-0

[Event "5th Ordu Open 2019"]
[Site "Ordu"]
[Date "2019.04.30"]
[Round "3.11"]
[White "Dogan, Nazmi Can"]
[Black "Kamer, Kayra"]
[Result "1-0"]
[ECO "B42"]
[WhiteElo "2214"]
[BlackElo "2379"]
[Annotator "NA"]
[PlyCount "83"]
[EventDate "2019.04.29"]
[EventType "swiss"]
[EventCountry "TUR"]
[SourceTitle "playchess.com"]
[Source "ChessBase"]
[SourceQuality "1"]
[TimeControl "5400+30"]

1. e4 c5 2. Nf3 e6 3. d4 cxd4 4. Nxd4 a6 5. Bd3 Nf6 6. O-O e5 7. Nb3 Nc6 8. c4 d6 9. Nc3 Be6 10. Be3 $14 Ng4 11. Bd2 a5 12. Nd5 a4 13. Nc1 h5 14. Ne2 Be7 15. a3 Nd4 16. h3 Nxe2+ 17. Bxe2 Nf6 18. Nxf6+ gxf6 19. Bxh5 Bxc4 20. Be2 Bb3 21. Bb5+ Kf8 22. Qe2 d5 23. exd5 Qxd5 24. Rac1 Rd8 25. Be3 f5 26. f3 Rh4 27. Bf2 Rh6 28. Rfe1 Re6 29. Bc4 Bxc4 30. Rxc4 b5 31. Rcc1 e4 32. fxe4 fxe4 33. Red1 Qf5 34. Rxd8+ Bxd8 35. Rc5 Re5 36. Qd2 Be7 37. Qh6+ Kg8 38. Rc3 Bg5 39. Rg3 Qg6 40. h4 Bc1 41. Bd4 Rd5 42. Rxg6+ 1-0

[Event "5th Ordu Open 2019"]
[Site "Ordu"]
[Date "2019.04.30"]
[Round "3.12"]
[White "Sevgi, Volkan"]
[Black "Acar, Utku Cengiz"]
[Result "1/2-1/2"]
[ECO "B26"]
[WhiteElo "2309"]
[BlackElo "2086"]
[Annotator "NA"]
[PlyCount "61"]
[EventDate "2019.04.29"]
[EventType "swiss"]
[EventCountry "TUR"]
[SourceTitle "playchess.com"]
[Source "ChessBase"]
[SourceQuality "1"]
[TimeControl "5400+30"]

1. e4 c5 2. Nc3 Nc6 3. g3 g6 4. Bg2 Bg7 5. d3 d6 6. Be3 Nf6 7. h3 Rb8 8. f4 O-O 9. Nge2 Nd7 10. O-O b5 11. Qd2 b4 12. Nd1 $11 a5 13. f5 Nce5 14. Bh6 c4 15. Bxg7 Kxg7 16. d4 c3 17. bxc3 Nc4 18. Qg5 f6 19. Qc1 g5 20. h4 h6 21. g4 Qb6 22. cxb4 axb4 23. c3 Ba6 24. Rb1 Qa5 25. cxb4 Rxb4 26. Rxb4 Qxb4 27. Ndc3 Ndb6 28. Rf3 Rc8 29. Qb1 Qa5 30. Qe1 Nb2 31. Qg3 1/2-1/2

[Event "5th Ordu Open 2019"]
[Site "Ordu"]
[Date "2019.04.30"]
[Round "3.13"]
[White "Aytekin, Murat Eren"]
[Black "Kilic, Efe Mert"]
[Result "0-1"]
[ECO "A34"]
[WhiteElo "2134"]
[BlackElo "2248"]
[Annotator "NA"]
[PlyCount "72"]
[EventDate "2019.04.29"]
[EventType "swiss"]
[EventCountry "TUR"]
[SourceTitle "playchess.com"]
[Source "ChessBase"]
[SourceQuality "1"]
[TimeControl "5400+30"]

1. d4 Nf6 2. c4 g6 3. Nc3 Bg7 4. Nf3 O-O 5. g3 d5 6. cxd5 Nxd5 7. Bg2 c5 $11 8. O-O cxd4 9. Nxd5 Qxd5 10. Be3 d3 11. Ne1 Qb5 12. Nxd3 Nc6 13. Rc1 Rd8 14. a4 Qh5 15. Qe1 Nd4 16. Bxd4 Rxd4 17. Rc7 Bf6 18. a5 Qb5 19. b4 Rb8 20. Qc1 Bf5 21. Qc5 Qxc5 22. Nxc5 Rxb4 23. Nxb7 Ra4 24. Rd1 Ra2 25. e4 Bg4 26. f3 Be6 27. f4 Bg4 28. Rdc1 Bb2 29. Re1 e5 30. h3 Be6 31. Kh1 Bd4 32. Rf1 Bc8 33. Nd6 Ba6 34. Rfc1 Rbb2 35. Nxf7 Rxg2 36. Nh6+ Kf8 0-1

[Event "5th Ordu Open 2019"]
[Site "Ordu"]
[Date "2019.04.30"]
[Round "3.14"]
[White "Rzayev, Askar Aliakbar"]
[Black "Isik, Alparslan"]
[Result "0-1"]
[ECO "D04"]
[WhiteElo "2085"]
[BlackElo "2233"]
[Annotator "NA"]
[PlyCount "162"]
[EventDate "2019.04.29"]
[EventType "swiss"]
[EventCountry "TUR"]
[SourceTitle "playchess.com"]
[Source "ChessBase"]
[SourceQuality "1"]
[TimeControl "5400+30"]

1. d4 Nf6 2. Nf3 g6 3. b3 Bg7 4. Bb2 d5 5. e3 O-O 6. Be2 c5 7. O-O cxd4 8. Nxd4 e5 9. Nf3 e4 10. Nd4 Nbd7 11. Nd2 $11 Ne5 12. h3 b6 13. c4 Re8 14. cxd5 Qxd5 15. Nc4 Nd3 16. Bxd3 exd3 17. Qxd3 Bb7 18. f3 Rad8 19. Rfd1 Qg5 20. e4 Nxe4 21. Qe3 Qxe3+ 22. Nxe3 Nd6 23. Kf2 Rd7 24. Rab1 Rde7 25. Ndc2 Nb5 26. Bxg7 Kxg7 27. Rd3 Nc7 28. Rbd1 Bc8 29. Rd8 Ne6 30. Rxe8 Rxe8 31. Nd4 Nxd4 32. Rxd4 Be6 33. Rd2 Rc8 34. Rc2 Kf6 35. Rxc8 Bxc8 36. f4 Ke6 37. Ke2 h6 38. h4 Ba6+ 39. Kd2 f6 40. Kc3 Be2 41. Kd4 Kd6 42. g3 Bf3 43. b4 Kc6 44. Kc3 Kb5 45. Kb3 Be2 46. a3 a5 47. bxa5 bxa5 48. Kc3 Kc5 49. Kd2 Bf3 50. Kc3 Be2 51. Kd2 Bf3 52. Kc3 h5 53. Nc4 Kd5 54. Nxa5 Ke4 55. Nc4 Bg2 56. Kd2 Kf3 57. f5 gxf5 58. Nd6 Kg4 59. Ke3 Kxg3 60. Nxf5+ Kg4 61. Nd4 f5 62. Ne2 Bc6 63. Nd4 f4+ 64. Kf2 Bb7 65. Ne2 Bc6 66. Nd4 Bd7 67. Ne2 Be8 68. Ng1 Bb5 69. Nf3 Ba4 70. Nd4 Bd7 71. Nf3 Be8 72. Nd4 Bf7 73. Ne2 Bb3 74. Nd4 Bc4 75. Ne2 Ba6 76. a4 Bc8 77. a5 Bb7 78. Ng1 f3 79. a6 Ba8 80. a7 Bb7 81. Kf1 Kg3 0-1

[Event "5th Ordu Open 2019"]
[Site "Ordu"]
[Date "2019.04.30"]
[Round "3.15"]
[White "Kizilkus, Akin"]
[Black "Hamidi, Amir Mohammad"]
[Result "1/2-1/2"]
[ECO "E46"]
[WhiteElo "2018"]
[BlackElo "2217"]
[Annotator "NA"]
[PlyCount "114"]
[EventDate "2019.04.29"]
[EventType "swiss"]
[EventCountry "TUR"]
[SourceTitle "playchess.com"]
[Source "ChessBase"]
[SourceQuality "1"]
[TimeControl "5400+30"]

1. d4 Nf6 2. c4 e6 3. Nc3 Bb4 4. e3 O-O 5. Nge2 d5 6. a3 Be7 7. cxd5 exd5 8. Nf4 a5 9. Bd3 b6 10. O-O Bb7 11. f3 $11 c5 12. Bc2 Bd6 13. Nd3 Re8 14. Nb5 Bf8 15. Ne5 Nbd7 16. f4 Ne4 17. Nc3 Ndf6 18. Bd2 cxd4 19. exd4 Rc8 20. Rc1 Nxc3 21. Bxc3 Ne4 22. Be1 f6 23. Ng4 Qd7 24. Ne3 f5 25. Bh4 g6 26. g4 Bg7 27. gxf5 gxf5 28. Kh1 Qf7 29. Rg1 Kh8 30. Rg2 Rg8 31. Qd3 Bh6 32. Rf1 Qh5 33. Bg5 Bxg5 34. fxg5 Rxg5 35. Rxg5 Qxg5 36. Nxf5 Rf8 37. Ng3 Rf4 38. Rf3 Qg4 39. Kg2 h5 40. Rxf4 Qxf4 41. Qf3 Qd2+ 42. Qe2 h4 43. Qxd2 Nxd2 44. Nf5 Nc4 45. Bb3 Nxb2 46. Nxh4 a4 47. Ba2 Nc4 48. Ng6+ Kg7 49. Nf4 Nxa3 50. Bxd5 Bxd5+ 51. Nxd5 Nc4 52. Kf2 b5 53. Ke2 Nb6 54. Nb4 a3 55. Kd2 Nd5 56. Na2 b4 57. Kc2 Kf6 1/2-1/2

[Event "5th Ordu Open 2019"]
[Site "Ordu"]
[Date "2019.04.30"]
[Round "3.17"]
[White "Alinasab, Mobina"]
[Black "Hajiyev, Shahin"]
[Result "1-0"]
[ECO "C03"]
[WhiteElo "2215"]
[BlackElo "1972"]
[Annotator "NA"]
[PlyCount "57"]
[EventDate "2019.04.29"]
[EventType "swiss"]
[EventCountry "TUR"]
[SourceTitle "playchess.com"]
[Source "ChessBase"]
[SourceQuality "1"]
[TimeControl "5400+30"]

1. e4 e6 2. d4 d5 3. Nd2 Be7 4. Ngf3 Nf6 5. e5 Nfd7 6. Bd3 b6 7. Qe2 a5 8. O-O Ba6 9. Bxa6 Nxa6 $14 10. Ne1 c5 11. c3 Qc7 12. f4 g6 13. c4 Qc6 14. dxc5 Naxc5 15. Nef3 O-O 16. Nd4 Qb7 17. cxd5 Qxd5 18. N2f3 Ne4 19. Rd1 Qb7 20. Qb5 Bc5 21. Be3 Rfd8 22. Rac1 Rac8 23. a3 Bxd4 24. Nxd4 Nb8 25. Rxc8 Rxc8 26. Nf3 Rc6 27. Rd8+ Kg7 28. Rxb8 Qd7 29. Rxb6 1-0

[Event "5th Ordu Open 2019"]
[Site "Ordu"]
[Date "2019.04.30"]
[Round "3.18"]
[White "Yasin, Hur"]
[Black "Uzunoglu, Efe Kerem"]
[Result "0-1"]
[ECO "B76"]
[WhiteElo "1959"]
[BlackElo "2106"]
[Annotator "NA"]
[PlyCount "92"]
[EventDate "2019.04.29"]
[EventType "swiss"]
[EventCountry "TUR"]
[SourceTitle "playchess.com"]
[Source "ChessBase"]
[SourceQuality "1"]
[TimeControl "5400+30"]

1. e4 c5 2. Nf3 d6 3. d4 Nf6 4. Nc3 cxd4 5. Nxd4 g6 6. f3 Bg7 7. Be3 O-O 8. Qd2 Nc6 9. O-O-O Nxd4 10. Bxd4 Be6 11. g4 Qa5 12. a3 Rfc8 13. h4 Rab8 14. h5 b5 15. hxg6 hxg6 16. g5 Nh5 17. Bxg7 Kxg7 18. Nd5 Qxd2+ 19. Rxd2 Bxd5 20. Rxd5 a6 21. Rh4 Rc5 22. Rxc5 dxc5 23. b3 e5 24. Rh2 Nf4 25. a4 bxa4 26. bxa4 Rb4 27. a5 Ra4 28. Bxa6 Rxa5 29. Bc8 Ra3 30. Bg4 c4 31. Kd2 c3+ 32. Ke3 Ra1 33. Kf2 Rd1 34. Ke3 Re1+ 35. Kf2 Re2+ 36. Kg3 Rd2 37. Rf2 Ne2+ 38. Kh4 Nd4 39. Kg3 Nxc2 40. Rf1 Nd4 41. f4 Rd3+ 42. Kh4 exf4 43. Bd1 c2 44. Bxc2 Nxc2 45. Rxf4 Nd4 46. Kg4 Ne6 0-1

[Event "5th Ordu Open 2019"]
[Site "Ordu"]
[Date "2019.04.30"]
[Round "3.19"]
[White "Unat, Can Haktan"]
[Black "Alumert, Orkun Efe"]
[Result "1-0"]
[ECO "D00"]
[WhiteElo "2110"]
[BlackElo "2045"]
[Annotator "NA"]
[PlyCount "67"]
[EventDate "2019.04.29"]
[EventType "swiss"]
[EventCountry "TUR"]
[SourceTitle "playchess.com"]
[Source "ChessBase"]
[SourceQuality "1"]
[TimeControl "5400+30"]

1. d4 Nf6 2. Nc3 d5 3. Bf4 g6 4. e3 c6 5. h4 h5 6. Nf3 Bf5 7. Ne5 Nbd7 8. Bd3 e6 9. Qe2 Bg7 10. f3 Nxe5 11. Bxe5 Bxd3 12. cxd3 Kf8 13. O-O-O Ne8 14. Qf2 Bxe5 15. dxe5 Qa5 16. e4 Rd8 17. d4 Ke7 18. Kb1 Kd7 19. Rc1 b6 20. Rc2 Rc8 21. Rhc1 Rc7 22. Qe2 Qb4 23. Qd3 Qe7 24. g3 Qd8 25. a3 f5 26. Na2 a5 27. Nc3 Qb8 28. Ne2 Rh7 29. Nf4 Rg7 30. exd5 exd5 31. e6+ Kd6 32. Qe3 Qc8 33. Qe5+ Ke7 34. Nxd5+ 1-0

[Event "5th Ordu Open 2019"]
[Site "Ordu"]
[Date "2019.04.30"]
[Round "3.20"]
[White "Ozturk, Efe Hakan"]
[Black "Daghan, Devran"]
[Result "1/2-1/2"]
[ECO "A41"]
[WhiteElo "2109"]
[BlackElo "1993"]
[Annotator "NA"]
[PlyCount "136"]
[EventDate "2019.04.29"]
[EventType "swiss"]
[EventCountry "TUR"]
[SourceTitle "playchess.com"]
[Source "ChessBase"]
[SourceQuality "1"]
[TimeControl "5400+30"]

1. Nf3 d6 2. d4 g6 3. g3 Bg7 4. Bg2 Nd7 5. O-O e5 6. dxe5 dxe5 7. c4 $11 Ne7 8. Nc3 h6 9. Nd2 O-O 10. b4 e4 11. Qb3 e3 12. fxe3 Nf5 13. Nf3 Re8 14. e4 Nd4 15. Nxd4 Bxd4+ 16. Kh1 Bg7 17. Bf4 c6 18. Rad1 Qe7 19. Bd6 Qe6 20. Na4 Ne5 21. Nb2 a5 22. bxa5 Rxa5 23. Bb4 Ra8 24. h3 Bf8 25. Bxf8 Rxf8 26. Nd3 Qe7 27. a4 Qg5 28. Nf4 Qe7 29. Nd3 Qc7 30. Nf4 Qa5 31. Ra1 Qc5 32. Rac1 Qa5 33. Qb2 Rd8 34. Rfd1 Rxd1+ 35. Rxd1 Bd7 36. Qxb7 Qxa4 37. Rxd7 Nxd7 38. Qxd7 Qxc4 39. e5 Qc5 40. Kh2 Qxe5 41. Bxc6 Rf8 42. Qd5 Qf6 43. Qf3 Rc8 44. Bd5 Rc3 45. Nd3 Qe7 46. Qg4 Kh7 47. Qf3 Rc2 48. Nf4 Qf6 49. Ng2 Kg7 50. Be4 Rc1 51. Qxf6+ Kxf6 52. Ne3 Ke5 53. Bd3 Kd4 54. Ng4 h5 55. Nh6 Rc7 56. Kg2 Ke5 57. Nxf7+ Rxf7 58. Bxg6 Ra7 59. Bxh5 Kf5 60. h4 Ra3 61. Bf3 Rb3 62. h5 Kg5 63. Kh3 Re3 64. g4 Ra3 65. Kg3 Re3 66. Kf2 Kf4 67. g5 Rxe2+ 68. Kxe2 Kxg5 1/2-1/2

[Event "5th Ordu Open 2019"]
[Site "Ordu"]
[Date "2019.05.01"]
[Round "4.2"]
[White "Barski, Radoslaw"]
[Black "Mgeladze, Tamaz"]
[Result "1-0"]
[ECO "B27"]
[WhiteElo "2462"]
[BlackElo "2396"]
[Annotator "ChessBase"]
[PlyCount "47"]
[EventDate "2019.04.29"]
[EventType "swiss"]
[EventCountry "TUR"]
[SourceTitle "playchess.com"]
[Source "ChessBase"]
[SourceQuality "1"]
[TimeControl "5400+30"]

1. e4 c5 2. Nf3 Nc6 3. Bb5 g6 4. Bxc6 bxc6 5. d4 cxd4 6. Qxd4 Nf6 7. e5 Nd5 8. c4 Nc7 9. Nc3 Bg7 10. Qh4 h6 11. O-O Ne6 12. Re1 Rb8 13. b3 d5 14. cxd5 cxd5 15. Rd1 d4 16. Nxd4 Nxd4 17. Rxd4 Qa5 18. Rd5 Rb5 19. Ba3 g5 20. Nxb5 gxh4 21. Nd6+ exd6 22. Rxa5 Bxe5 23. Re1 O-O 24. Rexe5 1-0

[Event "5th Ordu Open 2019"]
[Site "Ordu"]
[Date "2019.05.01"]
[Round "4.3"]
[White "Odeev, Handszar"]
[Black "Tanriverdi, Enes"]
[Result "1/2-1/2"]
[ECO "B30"]
[WhiteElo "2394"]
[BlackElo "2348"]
[Annotator "NA"]
[PlyCount "73"]
[EventDate "2019.04.29"]
[EventType "swiss"]
[EventCountry "TUR"]
[SourceTitle "playchess.com"]
[Source "ChessBase"]
[SourceQuality "1"]
[TimeControl "5400+30"]

1. e4 c5 2. Nf3 e6 3. Nc3 Nc6 4. Bb5 Nd4 5. Bc4 Ne7 6. O-O Nec6 7. d3 $11 Be7 8. Nxd4 cxd4 9. Ne2 O-O 10. a3 d5 11. exd5 exd5 12. Ba2 Bg4 13. h3 Bh5 14. g4 Bg6 15. Nf4 Bd6 16. Qf3 Ne5 17. Qg2 Rc8 18. Bb3 Nd7 19. Nxd5 Kh8 20. Bf4 Nc5 21. Ba2 f5 22. Qg3 Rc6 23. Rae1 fxg4 24. b4 Bxf4 25. Nxf4 Rcf6 26. Nxg6+ Rxg6 27. hxg4 Na4 28. Bb3 Nc3 29. Re5 Rgf6 30. f3 Qd6 31. Kg2 Nd1 32. Rfe1 g5 33. Bd5 Rf4 34. Rxg5 Ne3+ 35. Rxe3 dxe3 36. Rh5 Qc7 37. c4 1/2-1/2

[Event "5th Ordu Open 2019"]
[Site "Ordu"]
[Date "2019.05.01"]
[Round "4.5"]
[White "Asgari, Morteza"]
[Black "Haznedaroglu, Kivanc"]
[Result "1/2-1/2"]
[ECO "B77"]
[WhiteElo "2249"]
[BlackElo "2466"]
[Annotator "ChessBase"]
[PlyCount "166"]
[EventDate "2019.04.29"]
[EventType "swiss"]
[EventCountry "TUR"]
[SourceTitle "playchess.com"]
[Source "ChessBase"]
[SourceQuality "1"]
[TimeControl "5400+30"]

1. e4 c5 2. Nf3 d6 3. d4 cxd4 4. Nxd4 Nf6 5. Nc3 g6 6. Be3 Bg7 7. f3 Nc6 8. Qd2 O-O 9. Bc4 Bd7 10. O-O-O Rb8 11. Bb3 Na5 12. Bh6 b5 13. Nd5 Nxb3+ 14. Nxb3 Bxh6 15. Qxh6 Nxd5 16. exd5 Rb6 17. Rd4 f6 18. Re1 Rf7 19. Rde4 Bf5 20. R4e2 Ra6 21. a3 Ra4 22. g4 Bd7 23. Qe3 a5 24. c3 Rc4 25. Qa7 b4 26. Qxa5 Qc8 27. axb4 Rxc3+ 28. bxc3 Qxc3+ 29. Kb1 Qxb3+ 30. Rb2 Qd3+ 31. Ka1 Bb5 32. Qa2 Bc4 33. Rd2 Qc3+ 34. Qb2 Qxf3 35. Rc1 Bxd5 36. Qc3 Rf8 37. Qxf3 Bxf3 38. Rc7 Re8 39. b5 d5 40. b6 Kf7 41. b7 Rb8 42. Rd4 Ke6 43. Rb4 d4 44. Rxd4 Rxb7 45. Rxb7 Bxb7 46. Kb2 Bd5 47. Kc3 Ke5 48. Kd3 e6 49. Ke3 g5 50. Ra4 f5 51. gxf5 exf5 52. Ra5 f4+ 53. Kf2 h5 54. Ra6 g4 55. Ra3 h4 56. Rc3 Ke4 57. Ra3 Kd4 58. Ra4+ Ke5 59. Ra3 Bc6 60. Ra5+ Bd5 61. Ra3 Kd6 62. Ra6+ Bc6 63. Ra3 Kc5 64. Rc3+ Kd5 65. Kg2 Bb5 66. Rc7 Bd3 67. Rd7+ Ke4 68. Re7+ Kf5 69. Rg7 Bc4 70. Kf2 Be6 71. Kg2 Kf6 72. Rh7 Kg5 73. Rg7+ Kh6 74. Re7 Bd5+ 75. Kg1 g3 76. hxg3 hxg3 77. Re5 Bb7 78. Rb5 Ba8 79. Ra5 Bb7 80. Rb5 Bc8 81. Kg2 Bg4 82. Rb3 Kg5 83. Rxg3 fxg3 1/2-1/2

[Event "5th Ordu Open 2019"]
[Site "Ordu"]
[Date "2019.05.01"]
[Round "4.6"]
[White "Kilic, Efe Mert"]
[Black "Mazur, Stefan"]
[Result "1-0"]
[ECO "C45"]
[WhiteElo "2248"]
[BlackElo "2447"]
[Annotator "NA"]
[PlyCount "83"]
[EventDate "2019.04.29"]
[EventType "swiss"]
[EventCountry "TUR"]
[SourceTitle "playchess.com"]
[Source "ChessBase"]
[SourceQuality "1"]
[TimeControl "5400+30"]

1. e4 e5 2. Nf3 Nc6 3. d4 exd4 4. Nxd4 Bc5 5. Nb3 Bb6 6. Nc3 d6 7. Qe2 Nge7 8. Be3 O-O 9. O-O-O Be6 10. f4 f6 11. h3 Kh8 $16 12. g4 Qe8 13. Bg2 Na5 14. Bxb6 axb6 15. Nd4 Bc4 16. Qd2 b5 17. b3 b4 18. Nd5 Bxd5 19. exd5 c5 20. Ne6 Rg8 21. Nc7 Qd7 22. Nxa8 Rxa8 23. Rde1 b5 24. Kd1 Nb7 25. Ke2 Ng6 26. Kf2 c4 27. bxc4 Nc5 28. Qxb4 Nxf4 29. Qxb5 Qd8 30. Re3 Ng6 31. Rb1 Ne5 32. Kg1 h6 33. Be4 Qc7 34. Bf5 g6 35. Rxe5 fxe5 36. Bxg6 Qg7 37. Qb8+ Qf8 38. Qc7 Qg7 39. Qb8+ Qg8 40. Qxd6 Qg7 41. Qb8+ Qg8 42. Qxe5+ 1-0

[Event "5th Ordu Open 2019"]
[Site "Ordu"]
[Date "2019.05.01"]
[Round "4.7"]
[White "Sibashvili, Giorgi"]
[Black "Dogan, Nazmi Can"]
[Result "0-1"]
[ECO "D85"]
[WhiteElo "2381"]
[BlackElo "2214"]
[Annotator "NA"]
[PlyCount "100"]
[EventDate "2019.04.29"]
[EventType "swiss"]
[EventCountry "TUR"]
[SourceTitle "playchess.com"]
[Source "ChessBase"]
[SourceQuality "1"]
[TimeControl "5400+30"]

1. d4 Nf6 2. c4 g6 3. Nc3 d5 4. cxd5 Nxd5 5. e4 Nxc3 6. bxc3 Bg7 7. Be3 c5 8. Rc1 Qa5 9. Qd2 cxd4 10. cxd4 Qxd2+ 11. Bxd2 O-O {[%emt 0:00:00] D85: Exchange Grünfeld: Unusual White 7th moves and lines with 7 Nf3} 12. Nf3 e6 13. Bb5 Bd7 14. Bxd7 Nxd7 15. Rc7 Nf6 16. e5 Nd5 17. Rxb7 Rfb8 18. Rb3 Rxb3 19. axb3 {[%emt 0:01:30] [#]} Rb8 $146 20. Ke2 $11 Rxb3 21. Ra1 Rb7 22. Ne1 Rd7 23. Nd3 Bf8 24. Ra6 Nb6 25. Be3 Rc7 26. Nf4 Rd7 27. Kf3 Be7 28. Ke4 Kf8 29. Bd2 Ke8 30. Ba5 Nc4 31. d5 exd5+ 32. Nxd5 Nxa5 33. Rxa5 Bd8 34. Ra6 Rb7 35. g4 Rb2 36. f4 Re2+ 37. Kd4 Rxh2 38. Rxa7 h5 39. g5 h4 40. Kc5 h3 41. Kd6 Rd2 42. e6 h2 43. exf7+ Kf8 44. Ra1 Kxf7 45. Ke5 Re2+ 46. Kd6 Ba5 47. Rh1 Be1 48. Kc5 Bg3 49. Ra1 Bf2+ 50. Kc4 Bg1 0-1

[Event "5th Ordu Open 2019"]
[Site "Ordu"]
[Date "2019.05.01"]
[Round "4.8"]
[White "Isik, Alparslan"]
[Black "Akhvlediani, Irakli"]
[Result "1-0"]
[ECO "A43"]
[WhiteElo "2233"]
[BlackElo "2261"]
[Annotator "NA"]
[PlyCount "119"]
[EventDate "2019.04.29"]
[EventType "swiss"]
[EventCountry "TUR"]
[SourceTitle "playchess.com"]
[Source "ChessBase"]
[SourceQuality "1"]
[TimeControl "5400+30"]

1. d4 g6 2. e4 Bg7 3. c4 c5 4. d5 d6 5. Nc3 e6 6. Nf3 Ne7 7. h3 O-O 8. Bd3 h6 9. O-O e5 10. Rb1 f5 11. b4 Na6 12. a3 f4 13. Ne1 h5 14. Bd2 Kh7 15. Be2 Bh6 16. Nd3 b6 17. Bf3 Rg8 18. Qa4 Rg7 19. Nb5 Ng8 20. Bc3 g5 21. Bxh5 g4 22. Bxg4 Bxg4 23. hxg4 f3 24. Qd1 Nf6 25. Qxf3 Nxg4 26. Qf5+ Rg6 27. Nxd6 Qxd6 28. Nxe5 Nxe5 29. Bxe5 Qe7 30. d6 Qe6 31. d7 cxb4 32. axb4 Bg7 33. Bg3 Rd8 34. Rfd1 Qxf5 35. exf5 Rg4 36. c5 bxc5 37. b5 Rxg3 38. fxg3 Nb8 39. b6 axb6 40. Rxb6 Bd4+ 41. Kf1 Nxd7 42. Rd6 Kg8 43. g4 Kf7 44. f6 Kg6 45. g5 Kf7 46. g3 Kg6 47. Kg2 Kxg5 48. f7 Ra8 49. Rxd7 Ra2+ 50. Kh3 Rf2 51. Re1 Kg6 52. Re6+ Kg7 53. Ree7 Rf6 54. Rc7 Kg6 55. Re6 Kg7 56. Rxf6 Bxf6 57. Kg4 c4 58. Kf5 Bb2 59. Ke6 c3 60. Rc8 1-0

[Event "5th Ordu Open 2019"]
[Site "Ordu"]
[Date "2019.05.01"]
[Round "4.9"]
[White "Karadag, Eflatun Cem"]
[Black "Sakarya, Muammer Boran"]
[Result "1-0"]
[ECO "E69"]
[WhiteElo "1836"]
[BlackElo "1711"]
[Annotator "NA"]
[PlyCount "131"]
[EventDate "2019.04.29"]
[EventType "swiss"]
[EventCountry "TUR"]
[SourceTitle "playchess.com"]
[Source "ChessBase"]
[SourceQuality "1"]
[TimeControl "5400+30"]

1. d4 Nf6 2. Nf3 g6 3. g3 Bg7 4. Bg2 O-O 5. O-O d6 6. c4 c6 7. Nc3 Qa5 8. e4 e5 9. h3 Nbd7 10. Re1 Re8 11. Be3 exd4 12. Nxd4 Ne5 13. Bf1 Be6 14. Nxe6 Rxe6 15. Rb1 c5 16. Kg2 Nc6 17. a3 Nxe4 18. Nxe4 Rxe4 19. Qxd6 Rae8 20. Qd3 R4e6 21. Bd2 Qb6 22. Rxe6 Rxe6 23. Be3 Nd4 24. Kg1 Qd6 25. b4 h5 26. bxc5 Qxc5 27. Rxb7 h4 28. Rb5 Nf3+ 29. Kh1 Qe7 30. Bg2 Ne1 31. Rb8+ Kh7 32. Qd8 Qxd8 33. Rxd8 hxg3 34. Bd5 Re7 35. Bc5 Rc7 36. Be3 gxf2 37. Bxf2 Nd3 38. Bg3 Be5 39. Bxf7 Bxg3 40. Rxd3 Rxf7 41. Rxg3 Rc7 42. Rc3 Kg7 43. Kg2 Kf6 44. Kf3 Ke5 45. Ke3 Rh7 46. Kd2 Kd4 47. c5 Rc7 48. c6 Kd5 49. Ke3 Ke5 50. h4 a6 51. Rc1 a5 52. Rc3 a4 53. Kf3 Kf5 54. Rc5+ Ke6 55. Ke4 Kd6 56. Kd4 Rh7 57. c7 Rxc7 58. Rxc7 Kxc7 59. Ke5 Kc6 60. Kf6 Kc5 61. Kxg6 Kc4 62. h5 Kb3 63. h6 Kxa3 64. h7 Ka2 65. h8=Q a3 66. Qc3 1-0